3AA
PROVIDENCE PILGRIMS @ BETHESDA ATOMS
08/24/2041
 
TOP OF THE 1ST
Providence Pilgrims batting - Pitching for Bethesda Atoms : RHP Scott Alexander
Pitching: RHP Scott Alexander
Batting: RHB Keith Lynn 0-0: Called Strike
0-1: Reached on error, E5 (Groundball, 56S, EV 81.9 MPH)
Batting: RHB Carlos González 0-0: Ball
1-0: Ball
2-0: Foul Ball, location: 2F
2-1: Foul Ball, location: 2F
2-2: Foul Ball, location: 2F
2-2: Fly out, F7 (Flyball, 78S, EV 76.9 MPH)
Batting: RHB Chris Hall 0-0: Ball
1-0: Ball
2-0: Fly out, F9 (Flyball, 9, EV 87.5 MPH)
Batting: RHB Gabriel Méndez 0-0: Ball
1-0: Ground out 4-3 (Groundball, 4, EV 88.8 MPH)
Top of the 1st over - 0 runs, 0 hits, 1 error, 1 left on base; Providence 0 - Bethesda 0
BOTTOM OF THE 1ST
Bethesda Atoms batting - Pitching for Providence Pilgrims : RHP Jared Martínez
Pitching: RHP Jared Martínez
Batting: RHB Jorge Gardella 0-0: Ground out 5-3 (Groundball, 5L, EV 92.5 MPH)
Batting: LHB Ethan Duffy 0-0: Called Strike
0-1: Ball
1-1: Ground out 4-3 (Groundball, 4, EV 92.5 MPH)
Batting: LHB Vicente Torres 0-0: Ball
1-0: Foul Ball, location: 2F
1-1: Fly out, F4 (Popup, 4S, EV 84.4 MPH)
Bottom of the 1st over - 0 runs, 0 hits, 0 errors, 0 left on base; Providence 0 - Bethesda 0
TOP OF THE 2ND
Providence Pilgrims batting - Pitching for Bethesda Atoms : RHP Scott Alexander
Batting: LHB Pancho Coloma 0-0: Called Strike
0-1: Ball
1-1: Foul Ball, location: 2F
1-2: Ball
2-2: Ground out 3-1 (Groundball, 34, EV 110.0 MPH)
Batting: RHB Ronnie Wise 0-0: Ball
1-0: Called Strike
1-1: Ball
2-1: Called Strike
2-2: Ball
3-2: Ground out 2-3 (Groundball, 2L, EV 65.6 MPH)
Batting: LHB Ben Tyler 0-0: Called Strike
0-1: Foul Ball, location: 2F
0-2: Ball
1-2: Foul Ball, location: 2F
1-2: Ground out 6-3 (Groundball, 6, EV 100.6 MPH)
Top of the 2nd over - 0 runs, 0 hits, 0 errors, 0 left on base; Providence 0 - Bethesda 0
BOTTOM OF THE 2ND
Bethesda Atoms batting - Pitching for Providence Pilgrims : RHP Jared Martínez
Batting: RHB Byron Shadix 0-0: Swinging Strike
0-1: Called Strike
0-2: Strikes out swinging
Batting: LHB Mhelter Narcida 0-0: Called Strike
0-1: Foul Ball, location: 2F
0-2: Ball
1-2: DOUBLE (Groundball, 3L, EV 105.0 MPH)
Batting: RHB Pancho Hernández 0-0: Ball
1-0: Called Strike
1-1: Foul Ball, location: 2F
1-2: DOUBLE (Line Drive, 89XD, EV 105.0 MPH)
Mhelter Narcida scores
Batting: LHB Ayub Kuthakwakulu 0-0: Ball
1-0: Fly out, F7 (Flyball, 7, EV 90.6 MPH)
Batting: LHB Xiao-gang Qing 0-0: Ball
1-0: Fly out, F9 (Flyball, 9D, EV 93.1 MPH)
Bottom of the 2nd over - 1 run, 2 hits, 0 errors, 1 left on base; Providence 0 - Bethesda 1
TOP OF THE 3RD
Providence Pilgrims batting - Pitching for Bethesda Atoms : RHP Scott Alexander
Batting: RHB Gilberto Ortíz 0-0: Ball
1-0: Swinging Strike
1-1: Ball
2-1: Ground out 4-3 (Groundball, 4, EV 86.2 MPH)
Batting: RHB Jesse McCoy 0-0: Foul Ball, location: 2F
0-1: SINGLE (Line Drive, 8RS, EV 98.8 MPH)
Batting: RHB Keith Lynn 0-0: Ball
1-0: Called Strike
1-1: Foul Ball, location: 2F
1-2: Ball
2-2: Ball
3-2: SINGLE (Groundball, 56, EV 106.2 MPH) (infield hit)
Jesse McCoy to second
Batting: RHB Carlos González 0-0: Called Strike
0-1: Foul Ball, location: 2F
0-2: Strikes out swinging
Batting: RHB Chris Hall 0-0: Called Strike
0-1: Ground out 6-3 (Groundball, 6S, EV 86.9 MPH)
Top of the 3rd over - 0 runs, 2 hits, 0 errors, 2 left on base; Providence 0 - Bethesda 1
BOTTOM OF THE 3RD
Bethesda Atoms batting - Pitching for Providence Pilgrims : RHP Jared Martínez
Batting: RHB Juan Vázquez 0-0: Called Strike
0-1: Fly out, F7 (Flyball, 78S, EV 91.2 MPH)
Batting: RHB Jorge Gardella 0-0: Foul Ball, location: 2F
0-1: Swinging Strike
0-2: Ground out 4-3 (Groundball, 4M, EV 101.2 MPH)
Batting: LHB Ethan Duffy 0-0: Ball
1-0: Ground out 4-3 (Groundball, 4, EV 84.4 MPH)
Bottom of the 3rd over - 0 runs, 0 hits, 0 errors, 0 left on base; Providence 0 - Bethesda 1
TOP OF THE 4TH
Providence Pilgrims batting - Pitching for Bethesda Atoms : RHP Scott Alexander
Batting: RHB Gabriel Méndez 0-0: Called Strike
0-1: Ball
1-1: Ball
2-1: Ground out 6-3 (Groundball, 6M, EV 95.0 MPH)
Batting: LHB Pancho Coloma 0-0: Ball
1-0: Ball
2-0: Called Strike
2-1: Fly out, F6 (Popup, 6D, EV 71.9 MPH)
Batting: RHB Ronnie Wise 0-0: Swinging Strike
0-1: Foul Ball, location: 2F
0-2: Strikes out swinging
Top of the 4th over - 0 runs, 0 hits, 0 errors, 0 left on base; Providence 0 - Bethesda 1
BOTTOM OF THE 4TH
Bethesda Atoms batting - Pitching for Providence Pilgrims : RHP Jared Martínez
Batting: LHB Vicente Torres 0-0: Called Strike
0-1: Ball
1-1: Ground out 4-3 (Groundball, 4, EV 88.1 MPH)
Batting: RHB Byron Shadix 0-0: Swinging Strike
0-1: Ball
1-1: Fly out, F7 (Flyball, 7, EV 83.1 MPH)
Batting: LHB Mhelter Narcida 0-0: Ball
1-0: Ball
2-0: Called Strike
2-1: DOUBLE (Line Drive, 7LM, EV 104.4 MPH)
Pinch Runner at 2nd Reynaldo Pérez:
Batting: RHB Pancho Hernández 0-0: Foul Ball, location: 2F
0-1: Called Strike
0-2: Foul Ball, location: 2F
0-2: Strikes out swinging
Bottom of the 4th over - 0 runs, 1 hit, 0 errors, 1 left on base; Providence 0 - Bethesda 1
TOP OF THE 5TH
Providence Pilgrims batting - Pitching for Bethesda Atoms : RHP Scott Alexander
Batting: LHB Ben Tyler 0-0: Called Strike
0-1: Called Strike
0-2: Foul Ball, location: 2F
0-2: Foul Ball, location: 2F
0-2: Fly out, F7 (Flyball, 78M, EV 85.6 MPH)
Pitching: LHP Nicolas Alonso
Batting: RHB Gilberto Ortíz 0-0: Ball
1-0: Ground out 5-3 (Groundball, 56S, EV 74.4 MPH)
Batting: RHB Jesse McCoy 0-0: Called Strike
0-1: Foul Ball, location: 2F
0-2: Fly out, F7 (Flyball, 7LSF, EV 94.4 MPH)
Top of the 5th over - 0 runs, 0 hits, 0 errors, 0 left on base; Providence 0 - Bethesda 1
BOTTOM OF THE 5TH
Bethesda Atoms batting - Pitching for Providence Pilgrims : RHP Jared Martínez
Batting: LHB Ayub Kuthakwakulu 0-0: Ball
1-0: Swinging Strike
1-1: Ground out 5-3 (Groundball, 56, EV 99.4 MPH)
Batting: LHB Xiao-gang Qing 0-0: Called Strike
0-1: Ball
1-1: Called Strike
1-2: Foul Ball, location: 2F
1-2: Strikes out swinging
Batting: RHB Juan Vázquez 0-0: Ball
1-0: SINGLE (Line Drive, 34, EV 98.8 MPH)
Batting: RHB Jorge Gardella 0-0: Called Strike
0-1: Fly out, F9 (Flyball, 9LMF, EV 88.1 MPH)
Bottom of the 5th over - 0 runs, 1 hit, 0 errors, 1 left on base; Providence 0 - Bethesda 1
TOP OF THE 6TH
Providence Pilgrims batting - Pitching for Bethesda Atoms : LHP Nicolas Alonso
Batting: RHB Keith Lynn 0-0: Ball
1-0: SINGLE (Groundball, 56, EV 108.1 MPH)
Batting: RHB Carlos González 0-0: Called Strike
0-1: Called Strike
0-2: Ball
1-2: Foul Ball, location: 2F
1-2: SINGLE (Groundball, 56D, EV 103.1 MPH)
Keith Lynn to second
Batting: RHB Chris Hall 0-0: Swinging Strike
0-1: Called Strike
0-2: Strikes out looking
Batting: RHB Gabriel Méndez 0-0: Ball
Keith Lynn steals 3rd base (no throw)
Carlos González to second
1-0: Ball
2-0: DOUBLE (Line Drive, 78D, EV 105.6 MPH)
Keith Lynn scores
Carlos González scores
Batting: LHB Pancho Coloma 0-0: Ball
1-0: Called Strike
1-1: Foul Ball, location: 2F
1-2: Strikes out looking
Batting: RHB Ronnie Wise 0-0: Ball
1-0: Ball
2-0: Ball
3-0: Base on Balls
Batting: LHB Ben Tyler 0-0: Ball
1-0: Called Strike
1-1: Called Strike
1-2: Strikes out looking
Top of the 6th over - 2 runs, 3 hits, 0 errors, 2 left on base; Providence 2 - Bethesda 1
BOTTOM OF THE 6TH
Bethesda Atoms batting - Pitching for Providence Pilgrims : RHP Jared Martínez
Batting: LHB Ethan Duffy 0-0: Ball
1-0: Foul Ball, location: 2F
1-1: Ground out 4-3 (Groundball, 34D, EV 101.2 MPH)
Batting: LHB Vicente Torres 0-0: Ground out 1-3 (Groundball, 13S, EV 63.8 MPH)
Batting: RHB Byron Shadix 0-0: Called Strike
0-1: Ball
1-1: Ball
2-1: Ball
3-1: Foul Ball, location: 2F
3-2: Foul Ball, location: 2F
3-2: Strikes out looking
Bottom of the 6th over - 0 runs, 0 hits, 0 errors, 0 left on base; Providence 2 - Bethesda 1
TOP OF THE 7TH
Providence Pilgrims batting - Pitching for Bethesda Atoms : LHP Nicolas Alonso
Batting: RHB Gilberto Ortíz 0-0: Ball
1-0: Swinging Strike
1-1: Ground out 4-3 (Groundball, 4M, EV 103.1 MPH)
Batting: RHB Jesse McCoy 0-0: Called Strike
0-1: Foul Ball, location: 2F
0-2: Strikes out swinging
Batting: RHB Keith Lynn 0-0: Ball
1-0: Foul Ball, location: 2F
1-1: Ball
2-1: Called Strike
2-2: Foul Ball, location: 2F
2-2: Ball
3-2: Ground out 6-3 (Groundball, 6, EV 83.8 MPH)
Top of the 7th over - 0 runs, 0 hits, 0 errors, 0 left on base; Providence 2 - Bethesda 1
BOTTOM OF THE 7TH
Bethesda Atoms batting - Pitching for Providence Pilgrims : RHP Jared Martínez
Batting: LHB Reynaldo Pérez 0-0: Ball
1-0: Ball
2-0: Ball
3-0: Base on Balls
Batting: RHB Pancho Hernández 0-0: Called Strike
0-1: Ball
1-1: Swinging Strike
1-2: SINGLE (Groundball, 4MD, EV 101.9 MPH)
Reynaldo Pérez to second
Pinch Runner at 2nd Mikk Tamm:
Batting: LHB Ayub Kuthakwakulu 0-0: Ball
1-0: Swinging Strike
1-1: Fielders Choice at 2nd, 4-6 (Groundball, 4M, EV 88.8 MPH)
Mikk Tamm to third
Batting: LHB Xiao-gang Qing 0-0: Fly out, F8 (Flyball, 8LD, EV 85.6 MPH)
Runner from 3rd tags up, SCORES, throw by CF
Batting: RHB Juan Vázquez 0-0: SINGLE (Groundball, P, EV 65.0 MPH) (infield hit)
Ayub Kuthakwakulu to second
Batting: RHB Jorge Gardella 0-0: Ball
1-0: Fielders Choice at 2nd, 6-4 (Groundball, 6, EV 83.1 MPH)
Bottom of the 7th over - 1 run, 2 hits, 0 errors, 2 left on base; Providence 2 - Bethesda 2
TOP OF THE 8TH
Providence Pilgrims batting - Pitching for Bethesda Atoms : LHP Nicolas Alonso
Batting: RHB Carlos González 0-0: Ball
1-0: Fly out, F8 (Line Drive, 8RD, EV 92.5 MPH)
Batting: RHB Chris Hall 0-0: Foul Ball, location: 2F
0-1: Ground out 5-3 (Groundball, 5S, EV 82.5 MPH)
Batting: RHB Gabriel Méndez 0-0: Called Strike
0-1: Swinging Strike
0-2: Ball
1-2: Ball
2-2: Ball
3-2: Foul Ball, location: 2F
3-2: Ground out U3 (Groundball, 34, EV 86.2 MPH)
Top of the 8th over - 0 runs, 0 hits, 0 errors, 0 left on base; Providence 2 - Bethesda 2
BOTTOM OF THE 8TH
Bethesda Atoms batting - Pitching for Providence Pilgrims : RHP Jared Martínez
Batting: LHB Ethan Duffy 0-0: DOUBLE (Line Drive, 7LD, EV 109.4 MPH)
Batting: LHB Vicente Torres 0-0: Ball
1-0: SINGLE (Flyball, 8LS, EV 89.4 MPH)
Ethan Duffy to third
Runner from 3rd tries for Home, SAFE, throw by CF to home
Vicente Torres to second
Batting: RHB Byron Shadix 0-0: Intentional Walk
Batting: SHB Mikk Tamm 0-0: Called Strike
0-1: Ball
1-1: Fly out, F8 (Flyball, 89M, EV 87.5 MPH)
Batting: RHB Pancho Hernández 0-0: Ball
1-0: Foul Ball, location: 2F
1-1: Swinging Strike
1-2: Ball
2-2: Foul Ball, location: 2F
2-2: Fly out, F9 (Flyball, 89D, EV 100.6 MPH)
Batting: LHB Ayub Kuthakwakulu 0-0: Ball
1-0: Called Strike
1-1: Ball
2-1: Foul Ball, location: 2F
2-2: Fly out, F9 (Flyball, 89M, EV 93.8 MPH)
Bottom of the 8th over - 1 run, 2 hits, 0 errors, 2 left on base; Providence 2 - Bethesda 3
TOP OF THE 9TH
Providence Pilgrims batting - Pitching for Bethesda Atoms : LHP Nicolas Alonso
Pitching: RHP Byron Joe
Batting: LHB Pancho Coloma 0-0: Called Strike
0-1: Ground out 5-3 (Groundball, 5S, EV 80.6 MPH)
Batting: RHB Ronnie Wise 0-0: Foul Ball, location: 2F
0-1: Foul Ball, location: 2F
0-2: Ball
1-2: Ball
2-2: Foul Ball, location: 2F
2-2: Ball
3-2: Foul Ball, location: 2F
3-2: Base on Balls
Batting: LHB Ben Tyler 0-0: Fielders Choice at 2nd, 1-6 (Groundball, 13S, EV 75.6 MPH)
Pinch Hitting: RHB Frank Ray 0-0: Ball
1-0: Ground out 4-3 (Groundball, 4, EV 102.5 MPH)
Top of the 9th over - 0 runs, 0 hits, 0 errors, 1 left on base; Providence 2 - Bethesda 3
Tuesday, January 5th, 2021 - OOTP Baseball 20.8 Build 74